Map: Scoria Reactor

Players

Hershlag

  • Race: Terran Terran
  • Spawn Location: 12:00

mTeRsGo

  • Race: Terran Terran
  • League: Platinum
  • Spawn Location: 11:00

Spirit

  • Race: Protoss Protoss
  • Spawn Location: 9:00

Orgismenos

  • Race: Terran Terran
  • League: Bronze
  • Spawn Location: 12:00

Hindulaatti - Winner!

  • Race: Terran Terran
  • League: Diamond
  • Spawn Location: 3:00

JohnMcClane - Winner!

  • Race: Zerg Zerg
  • League: Silver
  • Spawn Location: 5:00

BLFG - Winner!

  • Race: Protoss Protoss
  • Spawn Location: 6:00

JackONeill - Winner!

  • Race: Zerg Zerg
  • Spawn Location: 6:00

VOD

Have the link to the VOD?

Description

Time

  • Played on: Jan. 13, 2016, 11:59 a.m.
  • Length: 14:25
Show
View Real Time Build Order
Export as new Build Order

Hershlag Terran 

Build Orders: Reaper Expand, MMM Bio 

Get SALT Encoding   

  12  0:02  SCV  
  14  0:14  SCV  
  14  0:26  SCV  
  15  0:36  Supply Depot  
  15  0:49  Refinery  
  15  0:58  SCV  
  15  1:02  Barracks  
  16  1:10  SCV  
  17  1:22  SCV  
  18  1:34  SCV  
  19  1:44  Barracks  
  19  1:46  Command Center  
  19  1:49  Refinery  
  19  1:51  Barracks Reactor  
  19  2:06  Orbital Command  
  19  2:10  Supply Depot  
  19  2:30  Reaper  
  19  2:31  Reaper  
  19  2:33  Barracks Tech Lab  
  21  2:40  SCV  
  22  2:52  SCV  
  23  3:00  Supply Depot  
  23  3:01  Stimpack  
  23  3:03  Reaper x2  
  25  3:08  SCV  
  26  3:14  Orbital Command  
  26  3:21  SCV  
  26  3:22  Reaper  
  28  3:29  Barracks  
  28  3:33  SCV  
  29  3:35  Reaper  
  30  3:44  SCV  
  30  3:45  SCV  
  32  3:58  Reaper x2  
  34  4:06  SCV x2  
  36  4:18  SCV x2  
  35  4:34  Barracks Reactor  
  35  4:35  SCV x2  
  36  4:38  Factory  
  35  4:46  Supply Depot  
  35  4:47  SCV x2  
  37  4:53  Refinery  
  37  4:54  Refinery  
  37  4:56  Marine  
  37  4:57  Marine x2  
  37  4:59  SCV x2  
  42  5:07  Engineering Bay  
  42  5:10  Combat Shields  
  42  5:11  Marine x2, SCV  
  45  5:14  Marine x2  
  45  5:17  Marine  
  45  5:20  Supply Depot  
  48  5:26  Factory Reactor  
  48  5:29  Marine x2  
  48  5:30  Starport, SCV  
  48  5:31  SCV  
  48  5:32  Marine x2  
  48  5:35  Terran Infantry Weapons Level 1  
  54  5:43  SCV x2  
  54  5:44  Missile Turret  
  56  5:55  SCV x2  
  58  6:01  Marauder, Marine x3  
  58  6:02  Marine  
  64  6:07  SCV x2  
  66  6:11  Supply Depot  
  66  6:19  Marine x2, SCV  
  66  6:22  Barracks  
  66  6:23  Barracks  
  66  6:25  Factory Tech Lab, Barracks  
  69  6:33  Medivac x2, Marauder  
  69  6:37  Marine x3  
  78  6:47  Barracks  
  78  6:49  Supply Depot  
  78  6:50  Supply Depot  
  78  6:51  Marine  
  78  6:53  Concussive Shells  
  78  7:11  Medivac x2, Marine x3  
  61  7:29  Marine, Barracks Reactor  
  61  7:30  Marine x5, Barracks Reactor  
  66  7:46  SCV x2  
  66  7:47  Marine x2  
  66  7:48  Marine x3  
  66  7:49  Marauder  
  71  7:58  SCV  
  71  7:59  SCV  
  71  8:05  Marine x2  
  73  8:06  Terran Infantry Armor Level 1  
  73  8:09  Engineering Bay  
  73  8:10  Marauder, SCV  
  73  8:11  SCV  
  78  8:20  Medivac x2, Missile Turret  
  78  8:23  SCV x2  
  84  8:31  Marauder, Marine  
  84  8:32  Marine x6  
  93  8:35  SCV  
  94  8:42  Armory  
  94  8:43  Supply Depot  
  90  8:53  Marauder  
  82  9:14  Marauder  
  83  9:17  Marine x4  
  83  9:18  Marine x5  
  91  9:35  Marine x4  
  61  10:11  Marine, SCV x2  
  61  10:12  Marine x6  
  61  10:13  Marine  
  64  10:23  SCV x2  
Show
View Real Time Build Order
Export as new Build Order

mTeRsGo Terran 

Build Orders: Reaper Expand, MMM Bio 

Get SALT Encoding   

  12  0:01  SCV  
  13  0:13  SCV  
  14  0:19  Supply Depot  
  14  0:25  SCV  
  15  0:41  SCV  
  15  0:42  Barracks  
  16  0:45  Refinery  
  16  0:57  SCV  
  17  1:09  SCV  
  18  1:29  Orbital Command  
  18  1:31  Barracks Reactor  
  18  1:32  Supply Depot  
  18  1:54  Command Center  
  18  1:55  SCV  
  19  2:07  SCV, Reaper  
  21  2:09  Reaper  
  21  2:14  Refinery  
  22  2:19  SCV  
  23  2:38  SCV  
  23  2:39  Marine  
  23  2:41  Marine  
  26  2:46  Factory  
  26  2:55  SCV  
  26  2:57  Marine  
  28  2:58  Marine  
  29  3:05  Orbital Command  
  29  3:08  SCV  
  30  3:14  Marine  
  30  3:16  Marine  
  32  3:20  SCV  
  33  3:32  SCV  
  33  3:33  SCV, Factory Tech Lab  
  35  3:38  Starport  
  35  3:44  SCV  
  35  3:45  SCV  
  35  3:46  Supply Depot  
  35  3:48  Marine x2  
  37  3:52  Cyclone  
  42  3:56  SCV  
  42  3:57  SCV  
  42  4:01  Refinery, Barracks  
  42  4:02  Barracks  
  44  4:06  Marine x2  
  44  4:08  Supply Depot  
  46  4:16  SCV x2  
  46  4:17  Medivac  
  50  4:23  Supply Depot  
  50  4:26  Siege Tank  
  50  4:28  SCV  
  54  4:31  SCV  
  54  4:34  Supply Depot  
  54  4:37  Marine x2  
  57  4:40  SCV  
  56  4:56  Starport Tech Lab  
  56  5:10  Marine  
  56  5:11  Marine  
  59  5:19  Barracks  
  55  5:22  Barracks  
  55  5:26  Combat Shields, Stimpack  
  55  5:28  Marauder, Starport Reactor  
  57  5:29  Marauder, Marine x2  
  62  5:35  SCV  
  62  5:36  SCV  
  62  5:39  Engineering Bay  
  54  5:47  SCV  
  52  5:51  Marauder x2, Marine x2  
  58  5:58  SCV  
  58  6:00  SCV  
  60  6:04  Medivac x2, Barracks  
  60  6:06  Barracks, Terran Infantry Weapons Level 1  
  60  6:08  Marine  
  60  6:09  Barracks Reactor  
  60  6:10  Barracks Reactor, SCV  
  66  6:13  SCV  
  66  6:15  Supply Depot  
  67  6:22  Marine x3, SCV  
  71  6:26  Marine  
  67  6:36  Supply Depot  
  66  6:40  Marauder x2, Marine  
  66  6:44  Marine  
  66  6:46  Marine  
  66  6:47  Marine x3  
  74  6:57  Marine  
  69  7:02  Marauder x2, Marine  
  69  7:04  Marine x2  
  69  7:05  Marine  
  69  7:06  Medivac x2  
  79  7:18  Command Center, Refinery  
  76  7:23  Marauder x2  
  76  7:27  Marine x3  
  83  7:34  SCV x2  
  85  7:50  Marauder  
  85  7:53  Medivac  
  85  7:56  Medivac, Marauder  
  83  8:00  Terran Infantry Armor Level 1, Marine x2  
  83  8:01  Marine  
  83  8:05  Supply Depot  
  86  8:06  Supply Depot  
  86  8:07  Supply Depot  
  86  8:25  Marine x6, SCV x2  
  86  8:26  Medivac x2, Marauder x2, Marine x2  
  88  8:36  Orbital Command  
  88  8:38  SCV  
  83  8:43  Marine x6  
  83  8:44  Marine  
  83  8:45  Marine  
  80  8:53  Supply Depot  
  70  8:55  Marine  
  70  8:56  Marine  
  70  8:58  Medivac x2  
  70  9:01  Marine x3  
  72  9:14  Marauder  
  63  9:19  Marine  
  63  9:20  Marine x8  
  63  9:28  Medivac  
  65  9:32  Medivac  
  65  9:35  Marine  
  65  9:37  Marine  
  65  9:38  Marine x8  
  68  9:52  Marine  
  54  9:55  Marine x4  
  54  9:59  Marine  
  50  10:00  Marine x4  
  40  10:10  Marine  
  40  10:13  Marine x4  
  36  10:17  Marine  
Show
View Real Time Build Order
Export as new Build Order

Spirit Protoss 

Build Orders: Double Forge 

Get SALT Encoding   

  12  0:02  Probe (Chrono Boost)  
  13  0:13  Probe (Chrono Boost)  
  14  0:19  Pylon  
  14  0:23  Probe (Chrono Boost)  
  15  0:37  Probe (Chrono Boost)  
  16  0:48  Probe (Chrono Boost)  
  17  0:58  Probe (Chrono Boost)  
  18  1:10  Nexus  
  18  1:13  Probe (Chrono Boost)  
  19  1:22  Gateway  
  19  1:23  Probe (Chrono Boost)  
  20  1:32  Pylon  
  20  1:34  Probe (Chrono Boost)  
  21  1:44  Assimilator  
  21  1:45  Probe (Chrono Boost)  
  21  1:46  Assimilator  
  22  1:55  Probe (Chrono Boost)  
  23  2:06  Probe (Chrono Boost)  
  24  2:16  Probe (Chrono Boost)  
  24  2:17  Cybernetics Core  
  25  2:27  Probe (Chrono Boost)  
  26  2:32  Pylon, Probe (Chrono Boost)  
  27  2:37  Probe (Chrono Boost)  
  27  2:43  Probe (Chrono Boost)  
  29  2:48  Probe (Chrono Boost)  
  30  2:52  Probe (Chrono Boost)  
  30  2:56  Warp Gate (Chrono Boost)  
  31  2:59  Probe  
  31  3:02  Gateway, Probe  
  33  3:05  Gateway  
  33  3:11  Probe  
  34  3:13  Probe  
  35  3:23  Probe x2  
  37  3:34  Probe  
  37  3:35  Probe  
  39  3:52  Probe  
  39  3:53  Probe  
  41  3:57  Assimilator  
  41  4:00  Assimilator  
  41  4:02  Probe, Gateway  
  41  4:04  Gateway  
  41  4:05  Probe  
  43  4:12  Gateway  
  43  4:13  Probe  
  43  4:15  Pylon  
  44  4:17  Probe  
  44  4:18  Pylon  
  44  4:23  Probe  
  45  4:26  Pylon  
  45  4:29  Pylon  
  45  4:30  Probe (Chrono Boost)  
  47  4:33  Pylon  
  47  4:35  Probe (Chrono Boost)  
  47  4:37  Forge  
  48  4:40  Forge  
  48  4:42  Probe (Chrono Boost)  
  49  4:46  Probe (Chrono Boost), Gateway  
  49  4:48  Gateway  
  49  4:52  Probe (Chrono Boost)  
  51  5:05  Stalker  
  51  5:06  Stalker x4  
  61  5:24  Pylon  
  51  5:37  Gateway  
  51  5:40  Pylon, Gateway  
  51  5:46  Zealot  
  51  5:47  Zealot x4  
  60  6:02  Protoss Ground Weapons Level 1 (Chrono Boost)  
  60  6:03  Protoss Ground Armor Level 1 (Chrono Boost)  
  59  6:11  Twilight Council  
  59  6:23  Stalker  
  59  6:24  Stalker x5, Photon Cannon  
  59  6:25  Stalker x2  
  75  6:31  Photon Cannon  
  75  6:39  Stalker x2  
  79  6:52  Pylon  
  79  6:54  Pylon  
  70  6:56  Pylon  
  70  6:57  Pylon  
  70  6:58  Stalker  
  70  6:59  Stalker x5  
  70  7:00  Stalker  
  65  7:23  Probe  
  65  7:24  Probe  
  65  7:25  Photon Cannon  
  65  7:29  Photon Cannon  
  67  7:30  Zealot x6  
  67  7:33  Charge (Chrono Boost)  
  67  7:35  Protoss Ground Armor Level 2 (Chrono Boost), Probe  
  67  7:36  Probe  
  81  7:40  Photon Cannon  
  80  7:47  Probe  
  80  7:48  Probe  
  80  7:50  Protoss Ground Weapons Level 2 (Chrono Boost)  
  80  7:55  Photon Cannon  
  80  7:57  Pylon  
  80  8:06  Stalker  
  80  8:07  Stalker  
  84  8:17  Photon Cannon  
  84  8:28  Probe  
  84  8:29  Probe  
  86  8:39  Photon Cannon  
  86  8:41  Probe x2  
  88  8:53  Probe  
  87  9:08  Blink (Chrono Boost)  
  77  9:30  Stalker x4  
  77  9:31  Stalker x2  
  71  10:07  Zealot x2  
  71  10:08  Zealot x4  
  55  11:36  Zealot  
  55  11:37  Zealot x2  
  55  11:38  Zealot x2  
  63  12:14  Zealot  
  64  12:16  Zealot  
Show
View Real Time Build Order
Export as new Build Order

Orgismenos Terran 

Build Orders:  

Get SALT Encoding   

  12  0:33  Supply Depot  
  12  0:41  Supply Depot  
  12  0:56  Supply Depot  
  12  0:59  Barracks  
  12  1:04  Supply Depot  
  12  1:54  Marine  
  13  2:11  Marine  
  14  2:29  Marine  
  15  2:39  Refinery  
  15  2:47  Marine  
  16  3:05  Marine  
  17  3:36  Marine  
  18  3:54  Marine  
  19  4:12  Marine  
  20  4:17  Factory  
  20  4:30  Marine  
  22  4:58  Barracks Reactor  
  21  5:03  Factory Tech Lab  
  21  5:51  Siege Tank  
  24  6:06  Marine  
  24  6:07  Marine  
  26  6:15  Barracks  
  26  6:19  SCV  
  26  6:20  Refinery  
  26  6:23  Siege Tank  
  26  6:24  Marine  
  26  6:25  Marine  
  32  6:32  SCV  
  33  6:42  Marine  
  33  6:43  Marine  
  33  6:44  SCV  
  36  6:56  SCV  
  36  7:00  Marine x2  
  39  7:08  SCV  
  40  7:47  Cyclone  
  43  8:19  Siege Tank  
  24  8:52  Siege Tank  
  26  8:56  Marine x2  
  26  9:00  Barracks Tech Lab  
  28  9:14  Marine x2  
  30  9:24  Siege Tank  
  33  9:31  Marine  
  33  9:32  Marine  
  35  9:49  Marine  
  35  9:50  Marine  
  37  9:56  Siege Tank  
  40  10:04  SCV  
  38  10:12  Engineering Bay  
  38  10:16  SCV  
  38  10:28  SCV  
  39  10:40  SCV  
  39  10:53  SCV  
  10  13:20  Siege Tank  
  10  13:21  Marine  
  10  13:26  Supply Depot  
  11  13:39  Marine  
  1  14:07  Command Center  
Show
View Real Time Build Order
Export as new Build Order

Hindulaatti Terran - Winner!

Build Orders: MMM Bio 

Get SALT Encoding   

  12  0:01  SCV  
  13  0:13  SCV  
  14  0:24  Supply Depot  
  14  0:25  SCV  
  15  0:45  SCV  
  15  0:46  Barracks  
  16  0:56  Refinery  
  16  0:57  SCV  
  17  1:09  SCV  
  18  1:21  SCV  
  19  1:33  SCV  
  20  1:40  Command Center, Reaper  
  21  1:57  Orbital Command  
  21  2:02  Supply Depot  
  21  2:07  Refinery  
  21  2:17  Barracks Reactor  
  21  2:23  SCV  
  22  2:34  Factory  
  22  2:43  SCV  
  23  2:53  Orbital Command  
  23  2:55  Marine  
  23  2:56  Marine  
  25  3:01  Barracks  
  25  3:05  Factory  
  25  3:12  SCV  
  26  3:13  Marine x2  
  26  3:18  Factory Tech Lab  
  28  3:24  SCV  
  28  3:25  SCV  
  30  3:31  Marine x2  
  32  3:36  SCV  
  32  3:37  Supply Depot  
  32  3:38  Siege Tank  
  32  3:41  SCV  
  37  3:51  Marine  
  37  3:52  Barracks Tech Lab, Marine  
  37  3:53  Factory Reactor  
  39  3:57  SCV  
  39  3:58  SCV  
  40  4:04  Supply Depot  
  40  4:09  Marine  
  41  4:11  Engineering Bay  
  41  4:27  Siege Tank  
  41  4:28  Stimpack, Marine x2  
  41  4:29  Marauder  
  41  4:30  SCV  
  49  4:36  SCV  
  50  4:42  Missile Turret, SCV  
  50  4:44  Widow Mine x2  
  55  4:46  Marine x2  
  55  4:52  Marauder  
  59  4:53  SCV  
  59  4:54  SCV  
  59  4:59  Terran Infantry Weapons Level 1  
  61  5:03  Supply Depot  
  61  5:04  Supply Depot  
  61  5:15  Starport  
  61  5:26  Widow Mine x2  
  61  5:27  Marine x2  
  61  5:28  Marauder  
  69  5:34  SCV x2  
  71  5:36  Refinery  
  71  5:38  Refinery  
  71  5:39  Supply Depot  
  71  5:41  Supply Depot  
  71  5:42  Supply Depot  
  71  5:45  Marine  
  72  6:01  Marine  
  72  6:02  Marauder  
  72  6:03  Starport Reactor, Marine  
  76  6:05  Starport  
  76  6:06  Widow Mine  
  76  6:07  Widow Mine  
  80  6:12  SCV x2  
  82  6:19  Supply Depot, Marine  
  82  6:20  Supply Depot  
  82  6:24  Marine, SCV  
  82  6:25  Marauder  
  87  6:42  Medivac x2  
  87  6:43  Starport Tech Lab  
  91  6:48  SCV x2  
  93  6:56  Supply Depot  
  93  6:58  Supply Depot  
  93  7:00  Widow Mine x2  
  93  7:01  Marine x2, Siege Tank  
  100  7:02  Marauder  
  100  7:03  Liberator  
  82  7:19  Marine  
  80  7:24  Fusion Core  
  80  7:27  Marine x2  
  80  7:29  Hellion x2  
  86  7:33  Hellion  
  86  7:37  Marine  
  89  7:45  Marine x2  
  73  8:08  SCV  
  73  8:09  Medivac, SCV  
  73  8:10  Medivac  
  79  8:15  Siege Tank  
  79  8:16  Advanced Ballistics, Hellion x2  
  86  8:20  SCV  
  86  8:21  SCV  
  86  8:29  Marauder, Marine x2  
  88  8:37  SCV  
  88  8:38  SCV  
  90  8:47  Marine x2  
  92  8:49  SCV  
  92  8:50  SCV  
  92  8:51  Liberator, Marauder  
  93  9:05  Command Center, Marine x2  
  93  9:08  Medivac x2  
  102  9:10  Siege Tank, Hellion x2  
  102  9:12  Marine  
  102  9:14  Terran Infantry Armor Level 1  
  110  9:22  Marine  
  110  9:23  Marine  
  110  9:24  Combat Shields  
  110  9:30  Marauder  
  112  9:40  Marine  
  113  9:50  Supply Depot  
  113  9:51  Supply Depot  
  108  10:15  Marauder, Marine x2  
  112  10:33  Marine x2  
  114  10:37  Marauder  
  116  10:45  Supply Depot  
  96  11:10  Liberator  
  93  11:20  Orbital Command  
  93  11:23  Refinery  
  93  11:25  Refinery  
  93  11:27  Medivac x2  
  93  11:28  Siege Tank, Hellion  
  93  11:29  Marine x2, Hellion  
  93  11:30  Marauder  
  111  11:40  Liberator  
  111  11:47  Marine x2  
  111  11:50  Marine, Hellion  
  111  11:52  Hellion  
  111  11:53  Liberator  
  118  11:57  Medivac  
  118  12:00  Siege Tank  
  126  12:05  Marine x2  
  128  12:09  Liberator, Marauder, Armory  
  128  12:11  Hellion  
  135  12:22  Marine  
  135  12:23  Marine  
  135  12:29  Barracks  
  135  12:30  Marauder, Barracks  
  135  12:31  Liberator, Ghost Academy  
  135  12:32  Siege Tank  
  135  12:35  Liberator  
  127  12:40  Marine x2  
  129  12:46  Hellion x2  
  136  12:52  Liberator, Marauder  
  141  12:58  Marine x2  
  141  13:04  Siege Tank  
  144  13:12  Marine  
  143  13:14  Liberator  
  143  13:18  Liberator  
  141  13:32  SCV x3  
  147  13:35  Barracks Tech Lab  
  147  13:36  Barracks Reactor  
  147  13:37  Nuke  
  147  13:39  Ghost  
  147  13:40  Marine x2  
  154  13:41  Siege Tank  
  154  13:44  Hellion x2  
  161  13:58  Marine x2  
Show
View Real Time Build Order
Export as new Build Order

JohnMcClane Zerg - Winner!

Build Orders: Hatch First 

Get SALT Encoding   

  12  0:01  Drone  
  13  0:15  Overlord  
  13  0:21  Drone  
  14  0:23  Extractor  
  14  0:24  Drone  
  15  0:37  Drone  
  16  0:45  Drone  
  17  0:57  Hatchery  
  17  0:59  Drone  
  17  1:02  Extractor  
  16  1:16  Spawning Pool  
  16  1:17  Drone  
  16  1:21  Drone  
  17  1:31  Drone  
  17  1:32  Drone  
  19  1:40  Extractor  
  19  1:42  Drone  
  20  1:53  Drone  
  21  2:04  Metabolic Boost  
  21  2:16  Queen  
  21  2:17  Drone  
  24  2:24  Evolution Chamber  
  23  2:30  Hatchery  
  23  2:32  Queen  
  24  2:40  Drone x2  
  26  2:46  Overlord  
  26  2:47  Drone  
  27  3:02  Zerg Melee Weapons Level 1  
  27  3:05  Queen  
  27  3:09  Overlord  
  29  3:17  Zergling x4  
  29  3:18  Overlord  
  31  3:25  Zergling x4  
  33  3:50  Queen  
  35  3:56  Zergling x10  
  35  4:02  Zergling x12  
  45  4:37  Zergling x14  
  52  4:43  Baneling Nest  
  52  4:45  Extractor  
  50  4:58  Zergling x16  
  58  5:13  Overlord x2  
  58  5:14  Overlord  
  57  5:40  Drone x13  
  66  5:59  Drone x7  
  73  6:13  Extractor x2  
  73  6:15  Spore Crawler  
  73  6:16  Spine Crawler  
  69  6:21  Spore Crawler  
  69  6:24  Drone x5, Extractor  
  69  6:25  Drone x4  
  76  6:26  Extractor  
  75  6:43  Spine Crawler  
  74  6:47  Drone  
  74  6:48  Drone x7  
  82  6:59  Overlord  
  72  7:30  Zergling x6  
  72  7:31  Zergling x18  
  78  7:40  Lair  
  78  7:44  Evolution Chamber  
  70  7:59  Zergling x24  
  70  8:04  Hatchery  
  81  8:34  Hatchery  
  73  9:08  Zergling x12  
  72  9:21  Extractor  
  72  9:23  Extractor  
  63  9:25  Baneling x6  
  63  9:27  Centrifical Hooks  
  63  9:28  Zerg Melee Weapons Level 2  
  63  9:30  Zerg Ground Armor Level 1  
  63  9:46  Baneling x3  
  51  10:10  Drone x9  
  60  10:26  Hatchery  
  59  10:32  Infestation Pit  
  58  10:44  Queen  
  60  10:51  Extractor  
  60  10:52  Zergling x2  
  60  10:53  Zergling x18  
  69  11:11  Hive  
  69  11:14  Pathogen Glands  
  69  11:15  Overlord x5  
  69  11:51  Drone x8  
  69  11:53  Drone x4  
  81  12:00  Infestor  
  81  12:01  Infestor x8  
  85  12:04  Zerg Ground Armor Level 2  
  99  12:25  Zergling x18  
  108  12:41  Infestor  
  108  12:42  Infestor x9  
  128  12:49  Hatchery  
  127  12:56  Baneling x6  
  127  13:01  Baneling x14  
  112  13:32  Ultralisk Cavern  
  111  14:06  Hatchery  
Show
View Real Time Build Order
Export as new Build Order

BLFG Protoss - Winner!

Build Orders:  

Get SALT Encoding   

  12  0:02  Probe (Chrono Boost)  
  13  0:13  Probe (Chrono Boost)  
  14  0:18  Pylon  
  14  0:23  Probe (Chrono Boost)  
  15  0:36  Probe (Chrono Boost)  
  15  0:37  Gateway  
  16  0:46  Probe (Chrono Boost)  
  18  0:57  Assimilator, Probe (Chrono Boost)  
  18  0:58  Assimilator  
  18  1:07  Probe (Chrono Boost)  
  18  1:08  Pylon  
  19  1:18  Probe (Chrono Boost)  
  20  1:24  Cybernetics Core  
  20  1:29  Probe (Chrono Boost)  
  21  1:41  Probe (Chrono Boost)  
  22  2:00  Nexus  
  22  2:01  Warp Gate (Chrono Boost)  
  22  2:03  Probe  
  25  2:15  Mothership Core  
  25  2:21  Pylon  
  25  2:32  Stalker  
  25  2:36  Probe  
  28  2:48  Probe  
  29  2:52  Pylon  
  29  2:59  Pylon  
  29  3:05  Gateway  
  29  3:08  Probe  
  29  3:10  Gateway  
  30  3:14  Probe  
  31  3:20  Probe  
  31  3:23  Pylon  
  31  3:25  Probe  
  33  3:33  Probe  
  34  3:39  Probe  
  35  3:42  Pylon  
  35  3:45  Probe  
  36  3:49  Pylon, Probe  
  36  3:55  Stalker  
  39  3:57  Probe  
  39  4:00  Probe  
  39  4:01  Assimilator  
  41  4:09  Probe  
  42  4:10  Probe  
  42  4:11  Forge  
  42  4:16  Twilight Council  
  43  4:21  Probe x2  
  45  4:27  Pylon  
  45  4:31  Probe  
  45  4:33  Assimilator, Probe  
  45  4:36  Pylon, Stalker  
  45  4:37  Stalker x2  
  53  5:05  Stalker x2  
  53  5:06  Stalker  
  57  5:11  Protoss Ground Armor Level 1  
  57  5:29  Stalker  
  57  5:30  Stalker x2  
  63  5:42  Gateway  
  63  5:44  Gateway  
  63  5:46  Blink (Chrono Boost), Gateway  
  63  5:50  Gateway  
  63  5:51  Gateway  
  63  5:53  Pylon x2  
  63  5:56  Pylon  
  63  5:58  Pylon  
  63  6:09  Stalker x2  
  67  6:12  Photon Cannon  
  67  6:14  Nexus  
  67  6:16  Pylon  
  67  6:22  Photon Cannon  
  67  6:31  Pylon x2  
  57  7:10  Stalker x3  
  57  7:14  Probe x2  
  65  7:16  Photon Cannon  
  65  7:17  Assimilator  
  65  7:19  Photon Cannon  
  65  7:22  Photon Cannon  
  65  7:26  Probe x3  
  68  7:33  Protoss Ground Weapons Level 1 (Chrono Boost)  
  68  7:34  Stalker x2  
  68  7:35  Stalker  
  68  7:36  Probe  
  74  7:38  Probe x2  
  77  7:45  Forge  
  77  7:47  Charge (Chrono Boost)  
  77  7:50  Probe x2, Templar Archives  
  79  7:53  Pylon  
  79  7:55  Pylon  
  79  7:58  Stalker x2  
  83  8:10  Assimilator, Probe  
  83  8:12  Probe x2  
  86  8:21  Protoss Ground Armor Level 2 (Chrono Boost)  
  86  8:25  Psionic Storm  
  86  8:34  Gateway x2  
  86  8:36  Gateway  
  86  8:39  Gateway  
  86  8:41  Gateway  
  86  8:42  Gateway  
  86  9:02  Pylon  
  86  9:06  Nexus  
  86  9:08  Pylon  
  86  9:11  Pylon  
  86  9:13  High Templar x4, Pylon  
  86  9:14  High Templar, Assimilator  
  86  9:15  High Templar  
  98  9:20  Archon, Assimilator  
  98  9:21  Archon x2  
  98  9:35  Photon Cannon  
  98  9:38  Photon Cannon  
  98  9:41  Photon Cannon  
  98  9:42  Probe  
  98  9:43  Probe, Photon Cannon  
  98  9:44  Probe  
  101  9:46  Photon Cannon  
  97  10:04  Zealot x6  
  97  10:05  Zealot x3  
  97  10:06  Zealot x5  
  87  10:30  Probe x2  
  87  10:31  Probe x2  
  87  10:35  High Templar x4  
  97  10:36  High Templar x2  
  97  10:38  Pylon  
  97  10:40  Archon x2, Pylon  
  97  10:41  Archon  
  103  10:44  Pylon  
  103  10:47  Pylon  
  103  10:51  Pylon  
  103  10:53  Zealot x5  
  103  10:54  Zealot x3  
  103  10:56  Pylon  
  119  11:11  High Templar x3  
  125  11:16  Protoss Ground Weapons Level 2 (Chrono Boost)  
  125  11:17  Archon  
  125  11:18  Protoss Ground Armor Level 3 (Chrono Boost)  
  121  11:19  High Templar  
  121  11:20  Zealot x5  
  121  11:21  Zealot x3  
  139  11:36  Archon  
  139  11:39  Zealot x2  
  143  11:42  High Templar  
  143  11:43  High Templar x5  
  155  11:48  Probe  
  155  11:50  Probe x2  
  158  12:08  Zealot x4  
  160  12:10  Archon x2  
  160  12:11  Archon  
  166  12:28  Zealot x3  
  166  12:29  Zealot x4  
  180  12:31  High Templar  
  180  12:32  High Templar  
  180  12:33  High Templar  
  181  12:44  Nexus  
  181  12:47  Pylon  
  181  12:48  Pylon  
  181  12:50  Pylon  
  176  12:53  Pylon  
  176  12:54  Zealot x2  
  176  12:55  Pylon, Zealot x3  
  176  12:57  Zealot  
  188  13:22  Probe x2  
  188  13:23  Probe x2  
  192  13:35  Probe  
  193  14:03  Zealot x3  
Show
View Real Time Build Order
Export as new Build Order

JackONeill Zerg - Winner!

Build Orders: Hatch First, Muta Ling Bane 

Get SALT Encoding   

  12  0:01  Drone  
  13  0:08  Drone  
  14  0:18  Overlord  
  14  0:26  Drone, Extractor  
  15  0:36  Drone x2  
  17  0:44  Drone  
  18  1:01  Hatchery  
  18  1:02  Drone  
  18  1:09  Drone  
  19  1:14  Extractor  
  18  1:21  Spawning Pool  
  18  1:23  Drone  
  18  1:27  Drone  
  19  1:40  Drone  
  20  1:48  Overlord  
  20  2:05  Drone  
  20  2:08  Queen  
  23  2:16  Metabolic Boost  
  23  2:17  Queen  
  23  2:18  Drone x2  
  27  2:28  Drone x2  
  29  2:34  Drone  
  30  2:38  Drone  
  30  2:42  Overlord  
  31  2:47  Queen  
  33  2:53  Drone x2  
  35  3:00  Queen  
  35  3:03  Drone, Extractor  
  35  3:04  Drone  
  38  3:08  Drone  
  39  3:21  Drone  
  39  3:22  Drone x2  
  42  3:37  Lair  
  42  3:39  Drone  
  42  3:40  Drone  
  42  3:41  Extractor  
  43  3:42  Overlord  
  43  3:43  Overlord  
  43  3:44  Drone  
  43  3:46  Hatchery  
  43  3:49  Drone, Extractor  
  43  3:51  Drone  
  44  3:58  Evolution Chamber, Drone  
  44  4:06  Drone x2, Baneling Nest  
  44  4:07  Drone  
  46  4:14  Evolution Chamber  
  45  4:22  Zergling x8  
  45  4:23  Zergling x4  
  51  4:25  Zerg Ground Armor Level 1  
  51  4:31  Overlord x3  
  51  4:36  Drone, Spire  
  51  4:42  Zerg Melee Weapons Level 1  
  51  5:01  Spore Crawler  
  51  5:05  Spore Crawler  
  51  5:06  Drone x3  
  52  5:07  Overseer  
  52  5:19  Centrifical Hooks  
  52  5:22  Drone x2  
  52  5:27  Drone x2  
  56  5:29  Infestation Pit  
  56  5:34  Queen  
  56  5:35  Drone x3  
  59  5:36  Drone x6  
  59  5:37  Drone  
  66  5:51  Overlord x2  
  66  5:52  Mutalisk x3  
  72  6:02  Drone x2  
  72  6:03  Drone x2  
  76  6:07  Extractor  
  76  6:08  Extractor  
  76  6:10  Overlord  
  74  6:14  Drone x4  
  74  6:16  Spore Crawler  
  77  6:19  Drone x2  
  77  6:24  Drone x4  
  83  6:36  Mutalisk x3  
  89  6:48  Mutalisk x3  
  89  6:49  Mutalisk x3  
  100  6:55  Mutalisk  
  98  7:06  Mutalisk x2  
  102  7:14  Mutalisk  
  104  7:20  Mutalisk  
  106  7:31  Hive  
  104  7:51  Mutalisk  
  104  7:53  Overlord  
  104  7:54  Overlord x5  
  106  8:16  Mutalisk x2  
  106  8:17  Mutalisk x5  
  120  8:47  Mutalisk x3  
  120  8:48  Mutalisk x2  
  130  8:58  Drone x3  
  130  9:02  Zerg Flyer Weapons Level 1  
  133  9:12  Ultralisk Cavern  
  128  9:18  Mutalisk x2  
  130  9:45  Hatchery, Mutalisk x2  
  123  9:46  Mutalisk x2  
  131  10:13  Mutalisk x4  
  135  10:27  Mutalisk x3  
  137  10:29  Overlord x6  
  137  10:33  Drone  
  134  10:47  Mutalisk x3  
  140  10:53  Drone x3  
  141  11:01  Drone x2  
  139  11:11  Zerg Flyer Armor Level 1  
  139  11:14  Zerg Ground Armor Level 2  
  139  11:34  Extractor  
  139  11:35  Mutalisk x4  
  139  11:39  Extractor  
  145  11:43  Mutalisk  
  147  11:58  Queen  
  149  12:11  Mutalisk x3  
  149  12:12  Mutalisk x2  
  159  12:33  Spine Crawler x2  
  157  12:40  Mutalisk x5  
  155  13:18  Mutalisk  
  155  13:19  Mutalisk x6  
  163  13:20  Mutalisk  
  171  13:37  Hatchery, Extractor  
  171  13:40  Extractor  
Tags
 
Add a new tag
Caveats
  • Supply blocks, unpowered buildings, or Contaminate may cause inaccurate times.
  • Supply counts are checked every 10 seconds.